Map: Lerilak Crest

Players

Pluto - Winner!

  • Race: Protoss Protoss
  • League: Diamond

DestroyBoy

  • Race: Terran Terran
  • League: Platinum

VOD

Have the link to the VOD?

Description

Time

  • Played on: Sept. 2, 2015, 4:14 a.m.
  • Length: 11:31
Show
View Real Time Build Order
Export as new Build Order

Pluto Protoss - Winner!

Build Orders:  

Get SALT Encoding   

  12  0:04  Probe  
  13  0:20  Probe, Pylon  
  14  0:32  Probe  
  15  0:40  Gateway  
  15  0:43  Assimilator  
  15  0:45  Probe  
  16  0:57  Probe  
  16  0:58  Pylon  
  17  1:09  Probe  
  18  1:21  Probe  
  19  1:28  Zealot  
  19  1:29  Cybernetics Core  
  21  1:33  Probe  
  22  1:45  Probe  
  23  1:55  Pylon  
  23  2:05  Adept  
  23  2:07  Mothership Core  
  27  2:10  Warp Gate  
  27  2:19  Nexus  
  27  2:29  Probe  
  28  2:34  Assimilator  
  28  2:41  Probe  
  29  2:46  Adept  
  31  2:56  Gateway  
  31  3:03  Robotics Facility  
  31  3:04  Probe  
  32  3:19  Probe  
  33  3:22  Gateway  
  33  3:36  Probe  
  33  3:37  Adept  
  36  3:47  Stalker  
  38  3:50  Observer  
  38  3:51  Pylon  
  38  3:57  Probe  
  36  4:04  Stalker  
  37  4:17  Observer  
  36  4:42  Observer  
  37  4:50  Probe  
  38  5:02  Probe  
  38  5:03  Warp Prism  
  41  5:08  Probe  
  42  5:14  Probe  
  42  5:19  Gateway  
  42  5:20  Probe  
  44  5:26  Probe  
  45  5:30  Adept  
  45  5:32  Adept  
  45  5:34  Probe  
  50  5:39  Adept  
  52  5:49  Probe x2  
  54  6:01  Probe x2  
  54  6:02  Stargate  
  56  6:07  Pylon  
  56  6:13  Probe x2  
  56  6:15  Assimilator  
  56  6:17  Twilight Council  
  58  6:22  Pylon  
  58  6:25  Probe x2  
  59  6:29  Adept  
  62  6:37  Probe  
  63  6:45  Probe  
  64  6:49  Probe  
  64  6:52  Forge  
  64  6:54  Assimilator  
  65  6:56  Immortal  
  69  7:01  Probe  
  69  7:02  Probe  
  69  7:07  Sentry x2  
  75  7:13  Probe  
  75  7:15  Phoenix  
  78  7:28  Protoss Ground Weapons Level 1  
  78  7:31  Pylon  
  78  7:35  Pylon  
  78  7:39  Pylon  
  78  7:43  Shield Upgrade  
  78  7:49  Gateway, Probe x2  
  78  7:50  Gateway  
  80  7:51  Immortal  
  84  7:59  Pylon  
  84  8:00  Photon Cannon  
  84  8:01  Probe  
  85  8:07  Phoenix  
  87  8:13  Probe  
  88  8:25  Probe  
  89  8:32  Nexus, Phoenix  
  89  8:34  Photon Cannon  
  91  8:37  Probe  
  92  8:57  Phoenix  
  92  8:59  Pylon  
  94  9:03  Pylon  
  94  9:06  Stalker  
  94  9:07  Stalker x3, Pylon  
  102  9:18  Gateway  
  102  9:20  Pylon  
  102  9:22  Phoenix  
  102  9:24  Adept x2  
  108  9:34  Stalker x2  
  108  9:35  Adept x2  
  116  9:52  Adept x2  
  120  9:55  Phoenix  
  122  10:05  Adept  
  122  10:06  Adept x2  
  128  10:15  Immortal  
  128  10:19  Adept  
  134  10:35  Adept  
  130  10:36  Adept x4  
  128  10:54  Probe  
  129  11:07  Stalker  
  129  11:08  Stalker x4  
  129  11:09  Stalker  
Show
View Real Time Build Order
Export as new Build Order

DestroyBoy Terran 

Build Orders: MMM Bio 

Get SALT Encoding   

  12  0:01  SCV  
  13  0:13  SCV  
  14  0:18  Supply Depot  
  14  0:25  SCV  
  15  0:32  Refinery  
  15  0:40  SCV  
  16  0:46  Barracks  
  16  0:54  SCV  
  17  1:06  SCV  
  18  1:19  SCV  
  18  1:21  Refinery  
  19  1:33  SCV, Marine  
  19  1:35  Supply Depot  
  21  1:43  Ghost Academy  
  21  1:52  SCV  
  22  2:00  Barracks Tech Lab  
  22  2:11  SCV  
  22  2:14  Personal Cloaking  
  23  2:23  SCV  
  23  2:27  Ghost  
  27  2:42  Orbital Command  
  26  2:56  Ghost  
  27  3:18  Command Center  
  27  3:38  SCV  
  28  3:41  Factory  
  28  3:45  Marine  
  29  3:49  Supply Depot  
  29  3:55  SCV  
  30  4:07  SCV  
  30  4:09  Stimpack  
  31  4:12  Barracks  
  31  4:20  SCV  
  33  4:32  SCV  
  35  4:38  Marauder  
  35  4:40  Factory Tech Lab  
  35  4:42  Starport  
  35  4:46  SCV  
  36  4:58  SCV  
  36  4:59  Supply Depot  
  37  5:00  SCV  
  38  5:09  Bunker  
  38  5:10  SCV  
  39  5:14  Siege Tank  
  39  5:18  SCV  
  43  5:22  SCV  
  43  5:24  Medivac  
  46  5:30  SCV  
  46  5:33  Barracks Reactor  
  46  5:35  Marauder  
  49  5:38  SCV  
  50  5:45  SCV  
  50  5:46  Engineering Bay  
  51  5:50  SCV  
  52  5:57  SCV  
  52  6:03  SCV, Siege Tank, Marauder  
  59  6:04  Medivac  
  62  6:14  Orbital Command, Marine  
  62  6:18  Marine  
  62  6:19  SCV  
  62  6:20  Supply Depot  
  64  6:26  Combat Shields  
  64  6:27  Marauder  
  64  6:32  Marine  
  67  6:36  Marine  
  65  6:43  SCV x2  
  67  6:52  Missile Turret  
  67  6:55  SCV  
  67  6:57  Marauder, Marine x2  
  72  7:05  Terran Infantry Weapons Level 1  
  72  7:09  Engineering Bay  
  72  7:10  Viking  
  74  7:17  Cyclone  
  77  7:25  SCV x2  
  79  7:33  Supply Depot  
  79  7:35  Marine x2  
  79  7:36  Marauder  
  83  7:38  Supply Depot  
  83  7:49  SCV x2  
  83  7:51  Refinery  
  85  7:52  Refinery  
  85  7:55  Marine  
  85  7:58  Concussive Shells  
  86  7:59  Command Center  
  86  8:00  Widow Mine  
  88  8:12  Missile Turret  
  88  8:15  Liberator  
  88  8:19  SCV x2  
  89  8:26  Supply Depot  
  89  8:28  Marine x2  
  89  8:29  Marauder  
  89  8:30  Supply Depot, Widow Mine  
  98  8:35  Terran Infantry Armor Level 1  
  96  8:51  SCV x2  
  96  8:53  Marine x2  
  96  8:54  Marauder  
  102  8:58  Liberator  
  102  9:01  Widow Mine  
  104  9:07  Armory  
  104  9:09  Barracks  
  104  9:10  Barracks  
  107  9:23  Marauder, Marine x2  
  111  9:30  Widow Mine  
  113  9:41  SCV x2, Liberator, Marine x2  
  113  9:45  Marauder  
  118  9:58  Marine, Widow Mine  
  118  9:59  Marine  
  125  10:06  Marauder  
  127  10:10  Planetary Fortress  
  93  10:48  Marauder, Marine x2  
  93  10:49  Medivac  
  86  10:50  Widow Mine  
  86  10:52  Barracks Reactor x2  
  86  10:53  SCV x2  
  87  11:05  Marine x2  
  87  11:09  Marine  
Tags
 
Add a new tag
Caveats
  • Supply blocks, unpowered buildings, or Contaminate may cause inaccurate times.
  • Supply counts are checked every 10 seconds.